 Dungeon Crawl Stone Soup version 0.27-a0-780-geb8d7bc690 (webtiles) character file.

Game seed: 1201849374364788637

284 Aggronaut the Cudgeller (level 6, -2/51 HPs)
             Began as a Draconian Monk on Mar 26, 2021.
             Killed by nerve-wracking pain
             ... invoked by Grinder
              (14 damage)
             ... on level 4 of the Dungeon.
             The game lasted 00:07:55 (4409 turns).

Aggronaut the Cudgeller (Draconian Monk)            Turns: 4409, Time: 00:07:56

Health: -2/51      AC:  7    Str: 13    XL:     6   Next: 7%
Magic:  6/6        EV: 12    Int: 11    God:
Gold:   112        SH:  0    Dex: 15    Spells: 3/5 levels left

rFire    . . .     SeeInvis .   a - +1 whip (venom)
rCold    . . .     Faith    .   (no shield)
rNeg     . . .     Spirit   .   (armour unavailable)
rPois    .         Reflect  .   (helmet restricted)
rElec    .         Harm     .   (no cloak)
rCorr    .         Rampage  .   (no gloves)
Will     .....                  e - +0 pair of boots
Stlth    ++........             (no amulet)
HPRegen  0.17/turn              (no ring)
MPRegen  0.10/turn              (no ring)

@: mighty, berserk cooldown, slowed, very slow
A: AC +6, unfitting armour, cold-blooded
a: no special abilities


You were on level 4 of the Dungeon.
You visited 1 branch of the dungeon, and saw 4 of its levels.

You collected 112 gold pieces.

Inventory:

Hand Weapons
 a - a +1 whip of venom (weapon)
Missiles
 h - 5 javelins (quivered)
Armour
 e - a +0 pair of boots (worn)
Jewellery
 n - a ring of flight
Scrolls
 b - a scroll of magic mapping
 c - a scroll of brand weapon {unknown}
 d - a scroll of teleportation
 i - a scroll of enchant weapon {unknown}
 m - a scroll of acquirement {unknown}
 o - a scroll of fear {unknown}
Potions
 f - a potion of flight {unknown}
 g - a potion of might
 j - a potion of curing {unknown}
 k - a potion of berserk rage
 l - a potion of attraction {unknown}


   Skills:
 - Level 3.2 Fighting
 * Level 5.7 Maces & Flails
 - Level 2.6 Dodging
 - Level 1.7 Stealth
 - Level 3.4 Unarmed Combat


You had 3 spell levels left.
You knew the following spells:

 Your Spells              Type           Power      Damage    Failure   Level
a - Blink                 Tloc           N/A        N/A       47%         2

Your spell library contained the following spells:

 Spells                   Type           Power      Damage    Failure   Level
 Corona                   Hex            0%         N/A       34%         1
 Magic Dart               Conj           0%         1d3       34%         1
 Sting                    Tmut/Pois      0%         1d3       34%         1
 Call Imp                 Summ           0%         N/A       47%         2
 Ensorcelled Hibernation  Hex/Ice        0%         N/A       47%         2
 Poisonous Vapours        Pois/Air       0%         N/A       47%         2
 Slow                     Hex            0%         N/A       47%         2
 Confusing Touch          Hex            0%         N/A       71%         3
 Conjure Flame            Conj/Fire      0%         6-21      71%         3
 Dazzling Flash           Conj/Hex       0%         N/A       71%         3
 Gell's Gravitas          Tloc           0%         N/A       71%         3
 Ignite Poison            Fire/Tmut/Pois 0%         N/A       71%         3
 Mephitic Cloud           Conj/Pois/Air  0%         N/A       71%         3
 Tukima's Dance           Hex            0%         N/A       71%         3
 Olgreb's Toxic Radiance  Pois           0%         N/A       98%         4
 Petrify                  Tmut/Erth      0%         N/A       98%         4
 Metabolic Englaciation   Hex/Ice        0%         N/A       100%        5
 Yara's Violent Unravell  Hex/Tmut       0%         3d3       100%        5


Dungeon Overview and Level Annotations

Branches:
Dungeon (3/15)

Altars:

Shops:
D:1 *

Annotations:
D:4 Grinder


Innate Abilities, Weirdness & Mutations

Your plain brown scales are hard. (AC +6)
You cannot fit into any form of body armour.
You are cold-blooded and may be slowed by cold attacks.


Message History

You hit the adder but do no damage.
The adder looks as sick as possible!
The adder is heavily wounded.
The adder barely misses you.
You hit the adder.
You kill the adder!
Grinder looks more healthy.
Grinder hits you.
You hit Grinder but do no damage.
Grinder is heavily wounded.
Grinder gestures at you.
You suddenly lose the ability to move!
Grinder hits you but does no damage. Grinder hits you!
* * * LOW HITPOINT WARNING * * *
You writhe in agony.
* * * LOW HITPOINT WARNING * * *
You can move again.
Unknown command.
It was a potion of might.
You feel very mighty all of a sudden. Grinder gestures at you.
You resist with significant effort.
You hit Grinder.
Grinder is heavily wounded.
Grinder blinks!
Grinder gestures at you. You resist with significant effort.
Grinder blinks!
Unknown command.
It was a potion of berserk rage.
A red film seems to cover your vision as you go berserk!
You feel yourself moving faster!
You feel mighty!
You feel a strong urge to attack something.
You feel your anger nearly subside.
You are no longer berserk.
You are exhausted.
You feel yourself slow down. Grinder gestures at you.
You barely resist. Grinder gestures at you. Pain shoots through your body!
You die...

#.......#
##.######..#
#..# #.## #.#
#.# ##.###
###....#
#.@.#...#
#...5..###....
##......#
#....
#.......# #...
.......... ..#
............
##
#..........#.
#.....<...###.


You could see Grinder.

Vanquished Creatures
  A centaur skeleton (D:4)
  A hound (D:4)
  An iguana (D:4)
  Terence (D:2)
  An orc wizard (D:3)
  Robin (D:4)
  A howler monkey skeleton (D:4)
  2 adders
  4 orcs
  8 endoplasms
  4 giant cockroaches
  16 goblins
  9 hobgoblins
  16 jackals
  4 quokkas
  4 ball pythons
  3 bats
  3 frilled lizards
  10 kobolds
  3 rats (D:1)
93 creatures vanquished.

Notes
Turn   | Place    | Note
-------+----------+-------------------------------------------
     0 | D:1      | Aggronaut the Draconian Monk began the quest for the Orb.
     0 | D:1      | Reached XP level 1. HP: 19/19 MP: 1/1
   222 | D:1      | Found Cuxaejep's Assorted Antiques.
   251 | D:1      | You fall into a shaft and drop 1 floor!
   297 | D:2      | Reached skill level 1 in Maces & Flails
   297 | D:2      | Reached XP level 2. HP: 3/26 MP: 2/2
   298 | D:2      | HP: 1/26 [poisoned by an adder]
   712 | D:1      | Reached skill level 2 in Maces & Flails
   824 | D:1      | Reached XP level 3. HP: 31/31 MP: 3/3
  1295 | D:1      | Learned a level 2 spell: Blink
  1698 | D:2      | Reached skill level 3 in Maces & Flails
  2320 | D:2      | Noticed Terence
  2349 | D:2      | Killed Terence
  2350 | D:2      | Reached XP level 4. HP: 20/38 MP: 4/4
  2916 | D:3      | Reached skill level 4 in Maces & Flails
  3269 | D:3      | Reached XP level 5. HP: 43/45 MP: 5/5
  3704 | D:3      | You fall into a shaft and drop 1 floor!
  3713 | D:4      | Noticed Robin
  3776 | D:4      | Killed Robin
  3777 | D:4      | Reached skill level 5 in Maces & Flails
  4282 | D:4      | Reached XP level 6. HP: 45/51 MP: 6/6
  4373 | D:4      | Noticed Grinder
  4375 | D:4      | Paralysed by Grinder for 7 turns
  4393 | D:4      | Paralysed by Grinder for 2 turns
  4409 | D:4      | Killed from afar by Grinder

Illustrated notes

Levels and vault maps discovered:
D:1:      dpeg_arrival_short_road, layout_basic, serial_shops, shop
D:2:      layout_basic, uniq_terence
D:3:      layout_basic, serial_shops, shop, minivault_11
D:4:      layout_layer_cave, uniq_edmund, uniq_crazy_yiuf_cottage, uniq_robin,
          uniq_grinder

Skill      XL: |  1  2  3  4  5 |
---------------+----------------+-----
Maces & Flails | 1 2 3 4 5 |  5.7
Fighting       | |  3.2
Dodging        | |  2.6
Stealth        | |  1.7
Unarmed Combat | |  3.4

Action                   |  1- 3 |  4- 6 || total
-------------------------+-------+-------++-------
Melee: Unarmed           |    16 |       ||    16
       Whip              |   103 |   141 ||   244
       Tailslap          |    12 |    20 ||    32
       Punch             |     2 |     4 ||     6
  Use: Scroll            |       |     2 ||     2
       Potion            |       |     2 ||     2
 Stab: Sleeping          |     5 |       ||     5
       Distracted        |     1 |       ||     1
Armor: Skin              |    32 |    52 ||    84
Dodge: Dodged            |    51 |   105 ||   156

Table legend: (Time is in decaauts)
 A = Elapsed time spent in this place.
 B = Non-inter-level travel time spent in this place.
 C = Inter-level travel time spent in this place.
 D = Time resting spent in this place.
 E = Time spent auto-exploring this place.
 F = Levels seen in this place.
 G = Mean time per level.
                   A        B        C        D        E       F      G
               +--------+--------+--------+--------+--------+-----+--------+
         Total |   4392 |   4254 |    138 |   1735 |   1741 |   4 | 1098.0 |
       Dungeon |   4392 |   4254 |    138 |   1735 |   1741 |   4 | 1098.0 |
               +--------+--------+--------+--------+--------+-----+--------+

Top non-repeatable levels by time:
     D:2: 1456 daAuts
     D:1: 1351 daAuts
     D:3: 889 daAuts
     D:4: 694 daAuts
